 Dungeon Crawl Stone Soup version 0.30-a0-39-g42789b21ef (webtiles) character file.

Game seed: 17163656144387502190

77 frimble the Conjurer (level 4, 0/30 HPs)
             Began as a Demonspawn Air Elementalist on Aug 28, 2022.
             Slain by a black bear (6 damage)
             ... on level 4 of the Dungeon.
             The game lasted 00:03:49 (2936 turns).

frimble the Conjurer (Demonspawn Air Elementalist)  Turns: 2936, Time: 00:03:50

Health: 0/30       AC:  5    Str:  8    XL:     4   Next: 13%
Magic:  7/7        EV: 12    Int: 17    God:
Gold:   160        SH:  0    Dex: 15    Spells: 6/7 levels left

rFire   . . .      SeeInvis .    l - +1 dagger (pain)
rCold   . . .      Faith    .    (no shield)
rNeg    . . .      Spirit   .    a - +1 robe
rPois   .          Reflect  .    (no helmet)
rElec   .          Harm     .    (no cloak)
rCorr   .          Rampage  .    (no gloves)
Will    .....                    (no boots)
Stlth   ++........               (no amulet)
HPRegen 0.10/turn                (no ring)
MPRegen 0.10/turn                (no ring)

@: invisible
A: yellow scales 1, weakness stinger 1
a: no special abilities


You were on level 4 of the Dungeon.
You visited 1 branch of the dungeon, and saw 4 of its levels.

You collected 160 gold pieces.

Inventory:

Hand Weapons
 j - a +0 falchion
 l - a +1 dagger of pain (weapon)
Armour
 a - a +1 robe (worn)
Scrolls
 e - a scroll of silence
 g - a scroll of vulnerability
 k - a scroll of identify
 o - 2 scrolls of fog
Potions
 b - a potion of magic
 d - 3 potions of haste
 f - 2 potions of mutation {unknown}
 h - 2 potions of curing {unknown}
 i - a potion of brilliance {unknown}
 n - a potion of resistance {unknown}


   Skills:
 - Level 1.8 Long Blades
 - Level 1.7 Dodging
 + Level 1.7 Stealth
 - Level 2.0 Spellcasting
 - Level 3.2 Conjurations
 - Level 2.7 Air Magic


You had 6 spell levels left.
You knew the following spells:

 Your Spells              Type           Power      Damage    Failure   Level
a - Shock                 Conj/Air       44%        1d5       6%          1

Your spell library contained the following spells:

 Spells                   Type           Power      Damage    Failure   Level
 Static Discharge         Conj/Air       22%        3-5/arc   9%          2
 Poisonous Vapours        Pois/Air       12%        N/A       17%         2
 Swiftness                Air            10%        N/A       19%         3
 Airstrike                Air            5%         2d(1-17)  54%         4
 Corpse Rot               Necr/Pois/Air  4%         N/A       80%         4


Dungeon Overview and Level Annotations

Branches:
Dungeon (4/15)
 Temple: D:4-7

Altars:


Innate Abilities, Weirdness & Mutations

You are partially covered in yellow scales. (AC +2)
You have a small tail.


Message History

The black bear closely misses you. The black bear barely misses you.
The black bear claws you.
You barely miss the black bear. You tail-slap the black bear.
The black bear is heavily wounded.
The black bear bites you but does no damage.
The black bear claws you. The black bear completely misses you.
You barely miss the black bear.
The black bear is heavily wounded.
The black bear bites you. The black bear claws you.
The black bear closely misses you.
You hit the black bear.
The black bear is heavily wounded.
The black bear closely misses you. The black bear misses you.
The black bear barely misses you.
You hit the black bear but do no damage.
The black bear is heavily wounded.
The black bear barely misses you. The black bear closely misses you.
The black bear barely misses you.
You hit the black bear but do no damage.
You tail-slap the black bear.
The black bear is severely wounded.
The black bear bites you! The black bear closely misses you.
The black bear claws you but does no damage.
You barely miss the black bear.
The black bear is severely wounded.
The black bear misses you. The black bear claws you.
* * * LOW HITPOINT WARNING * * *
The black bear claws you but does no damage.
You hit the black bear. You tail-slap the black bear.
The black bear is almost dead.
The black bear goes berserk!
You hit the black bear but do no damage.
The black bear is almost dead.
The black bear completely misses you. The black bear claws you.
* * * LOW HITPOINT WARNING * * *
The black bear closely misses you.
You hit the black bear but do no damage.
The black bear is almost dead.
The black bear bites you.
You die...

#<##..... ###
#..n..... ...
######.## #.# #.#
#.# #.# #.# #h#
##.## #.# ##...#
#.#
####....#########..
+.@h...............
####....##########.
##...# ## #.### #.
#.# #. #.# #. #.#
#. ### #. 8 #.


You could see a black bear (berserk, unable to see you).

Vanquished Creatures
  3 adders
  A dart slug (D:2)
  2 endoplasms (D:4)
  3 giant cockroaches
  6 goblins
  3 hobgoblins
  4 jackals (D:3)
  3 kobolds
  5 ball pythons
  5 bats
  7 frilled lizards
  7 rats
49 creatures vanquished.

Notes
Turn   | Place    | Note
-------+----------+-------------------------------------------
     0 | D:1      | frimble the Demonspawn Air Elementalist began the quest for
                  | the Orb.
     0 | D:1      | Reached XP level 1. HP: 13/13 MP: 3/3
   288 | D:1      | Found a faded altar of an unknown god.
   607 | D:1      | Reached skill level 2 in Conjurations
   607 | D:1      | Gained mutation: You are partially covered in yellow
                  | scales. (AC +2) [demonic ancestry]
   607 | D:1      | Reached XP level 2. HP: 13/19 MP: 0/5
  1403 | D:2      | Reached skill level 1 in Long Blades
  1427 | D:2      | Gained mutation: You have a small tail. [demonic ancestry]
  1427 | D:2      | Reached XP level 3. HP: 24/24 MP: 6/6
  1788 | D:2      | Reached skill level 3 in Conjurations
  2394 | D:3      | Reached XP level 4. HP: 30/30 MP: 2/7
  2730 | D:4      | Noticed a necrophage
  2903 | D:4      | Noticed a black bear
  2936 | D:4      | Slain by a black bear

Illustrated notes

Levels and vault maps discovered:
D:1:      dpeg_arrival_refuge, layout_basic, hellmonk_ecumenical_altar_blasted
D:2:      layout_rooms, minmay_misc_feat_secret_circle
D:3:      layout_rooms
D:4:      layout_loops_corners, nicolae_overflow_hidden_temple,
          minmay_temple_entry_junction_2, uniq_natasha

Skill      XL: |  1  2  3 |
---------------+----------+-----
Conjurations   | 2 3 |  3.2
Long Blades    | 1 |  1.8
Dodging        | |  1.7
Stealth        | |  1.7
Spellcasting   | |  2.0
Air Magic      | |  2.7

Action                   |  1- 3 |  4- 6 || total
-------------------------+-------+-------++-------
Melee: Unarmed           |    15 |       ||    15
       Falchion          |    13 |       ||    13
       Dagger            |    62 |    23 ||    85
       Tailslap          |     4 |     4 ||     8
 Cast: Shock             |    44 |       ||    44
  Use: Scroll            |     7 |     4 ||    11
       Potion            |       |     1 ||     1
 Stab: Sleeping          |     4 |     1 ||     5
       Invisible         |       |     1 ||     1
Armor: Robe              |    47 |     6 ||    53
Dodge: Dodged            |   115 |    27 ||   142

Table legend: (Time is in decaauts)
 A = Elapsed time spent in this place.
 B = Non-inter-level travel time spent in this place.
 C = Inter-level travel time spent in this place.
 D = Time resting spent in this place.
 E = Time spent auto-exploring this place.
 F = Levels seen in this place.
 G = Mean time per level.
                   A        B        C        D        E       F      G
               +--------+--------+--------+--------+--------+-----+--------+
         Total |   2937 |   2836 |    101 |    100 |   2263 |   4 |  734.2 |
       Dungeon |   2937 |   2836 |    101 |    100 |   2263 |   4 |  734.2 |
               +--------+--------+--------+--------+--------+-----+--------+

Top non-repeatable levels by time:
     D:1: 1124 daAuts
     D:2: 938 daAuts
     D:3: 680 daAuts
     D:4: 194 daAuts
